 Dungeon Crawl Stone Soup version 0.30-a0-626-gd6a5dd7a1f (webtiles) character file.

Game seed: 15797257930889941256

555 Hubris850 the Ruffian (level 7, -3/78 HPs)
             Began as a Merfolk Berserker on Jan 11, 2023.
             Was a Priest of Trog.
             Slain by an orc wizard
             ... wielding a +1 dagger of holy wrath
              (4 damage)
             ... on level 4 of the Dungeon.
             The game lasted 00:06:50 (3084 turns).

Hubris850 the Ruffian (Merfolk Berserker)           Turns: 3084, Time: 00:06:50

Health: -3/78      AC:  4    Str: 20    XL:     7   Next: 30%
Magic:  7/7        EV: 14    Int:  6    God:    Trog [***...]
Gold:   224        SH:  0    Dex: 13    Spells: 6/6 levels left

rFire   . . .      SeeInvis .      - Unarmed
rCold   . . .      Faith    .    (no shield)
rNeg    . . .      Spirit   .    o - +1 animal skin
rPois   .          Reflect  .    p - +0 helmet
rElec   .          Harm     .    (no cloak)
rCorr   .          Rampage  .    (no gloves)
Will    .....                    (no boots) Stlth
                                 q - amulet of the acrobat
HPRegen 0.33/turn                (no ring)
MPRegen 0.10/turn                (no ring)

@: berserking (expiring), very quick
A: (nimble swimmer 2), mertail
a: Renounce Religion, Berserk, Trog's Hand


You were on level 4 of the Dungeon.
You worshipped Trog.
Trog was most pleased with you.
You visited 1 branch of the dungeon, and saw 4 of its levels.

You collected 224 gold pieces.

Inventory:

Armour
 a - a +0 animal skin
 g - a +0 ring mail
 o - a +1 animal skin (worn)
 p - a +0 helmet (worn)
Jewellery
 q - an amulet of the acrobat (around neck)
Scrolls
 d - a scroll of immolation {unknown}
 h - a scroll of poison {unknown}
 j - a scroll of vulnerability {unknown}
 m - a scroll of magic mapping {unknown}
 r - a scroll of amnesia {unknown}
 s - a scroll of enchant armour {unknown}
Potions
 b - 2 potions of brilliance {unknown}
 c - 5 potions of curing {unknown}
 e - a potion of haste {unknown}
 f - 2 potions of mutation {unknown}
 i - a potion of lignification {unknown}
 k - a potion of ambrosia {unknown}
 l - 2 potions of attraction {unknown}
 n - 2 potions of heal wounds {unknown}
 t - a potion of degeneration {unknown}


   Skills:
 - Level 3.2 Fighting
 - Level 2.2 Armour
 - Level 6.2 Dodging
 + Level 7.0 Unarmed Combat


You had 6 spell levels left.
You didn't know any spells.
Your spell library was empty.

Dungeon Overview and Level Annotations

Branches:
Dungeon (4/15)
 Temple: D:4-7

Altars:
Nemelex Xobeh
Zin


Innate Abilities, Weirdness & Mutations

((You are very nimble when in or above water. (Stealth+, EV+, Speed+++)))
Your lower body shifts to a powerful aquatic tail in water.


Message History

The scorpion is moderately wounded.
The scorpion completely misses you.
You hit the scorpion.
The scorpion is severely wounded.
The orc hits you but does no damage. Something hits you.
You pummel the scorpion!!
You feel the power of Trog in you as your rage grows.
You kill the scorpion!
Trog accepts your kill.
You hear some strange, mumbled words.
A magic dart appears from out of thin air!
The magic dart hits you! The orc hits you with a +0 dagger.
* * * LOW HITPOINT WARNING * * *
Your Unarmed Combat skill increases to level 7!
You hit the orc. Your punch misses the orc.
The orc is severely wounded.
You barely miss something. The orc hits you with a +0 flail.
* * * LOW HITPOINT WARNING * * *
The orc hits you but does no damage. Something hits you.
* * * LOW HITPOINT WARNING * * *
You hit something. You closely miss something. Something hits you.
* * * LOW HITPOINT WARNING * * *
The orc hits you with a +0 flail.
* * * LOW HITPOINT WARNING * * *
The orc closely misses you.
You miss something. You barely miss something. The orc misses you.
Something hits you.
* * * LOW HITPOINT WARNING * * *
The orc hits you with a +0 dagger.
* * * LOW HITPOINT WARNING * * *
You barely miss something. You miss something.
The orc hits you with a +0 dagger.
* * * LOW HITPOINT WARNING * * *
The orc barely misses you. Something hits you.
* * * LOW HITPOINT WARNING * * *
You miss something. The orc hits you with a +0 flail.
* * * LOW HITPOINT WARNING * * *
Something hits you.
You die...

###....###
.........#
....###.#
.#...#$#.##
...#.###..#
.#........#
#....).# #oo#
...#####@#########
.#......{)........
...#######)######
#.# #.## #..##
####### ##..#
#.....# #######.##
#.....#
#.....#..###.....#


You could see 2 orcs.

Vanquished Creatures
  A scorpion (D:4)
  8 orc priests
  Jessica (D:2)
  2 orc wizards
  Robin (D:2)
  3 adders
  A worm (D:3)
  2 dart slugs
  21 orcs
  13 bats
  5 endoplasms
  4 giant cockroaches
  19 goblins
  6 hobgoblins
  9 jackals
  8 kobolds
  2 quokkas
  A ball python (D:1)
  4 frilled lizards
  5 rats
116 creatures vanquished.

Vanquished Creatures (others)
  A goblin (D:2)
1 creature vanquished.

Grand Total: 117 creatures vanquished

Notes
Turn   | Place    | Note
-------+----------+-------------------------------------------
     0 | D:1      | Hubris850 the Merfolk Berserker began the quest for the
                  | Orb.
     0 | D:1      | Reached XP level 1. HP: 18/18 MP: 1/1
   264 | D:1      | Reached XP level 2. HP: 24/24 MP: 2/2
   813 | D:1      | Reached XP level 3. HP: 29/29 MP: 3/3
   984 | D:2      | Reached ** piety under Trog
   988 | D:2      | Noticed Jessica
  1000 | D:2      | Killed Jessica
  1002 | D:2      | Reached skill level 4 in Unarmed Combat
  1118 | D:2      | Reached XP level 4. HP: 35/35 MP: 4/4
  1469 | D:2      | Noticed Robin
  1500 | D:2      | Killed Robin
  1850 | D:3      | Reached XP level 5. HP: 41/41 MP: 5/5
  1991 | D:3      | Reached skill level 5 in Dodging
  1991 | D:3      | Reached skill level 5 in Unarmed Combat
  2134 | D:3      | Reached *** piety under Trog
  2135 | D:3      | Reached XP level 6. HP: 41/47 MP: 6/6
  2221 | D:3      | Found a glowing silver altar of Zin.
  2453 | D:3      | Found a sparkling altar of Nemelex Xobeh.
  2800 | D:4      | Reached skill level 6 in Unarmed Combat
  2922 | D:4      | Reached XP level 7. HP: 47/52 MP: 7/7
  3076 | D:4      | Reached skill level 7 in Unarmed Combat
  3084 | D:4      | HP: 1/78 [orc/+0 flail (3)]
  3084 | D:4      | Slain by an orc wizard

Illustrated notes

Levels and vault maps discovered:
D:1:      roderic_dead_forest, layout_loops_ring, chequers_serial_rivers_small_b
D:2:      layout_rooms, st_stairs_7, uniq_jessica, uniq_robin
D:3:      layout_basic, mainiacjoe_overflow_divided_tiny, corexii_corridor_pit
D:4:      layout_basic, serial_glass, glass_columns_a, glass_columns_c,
          item_on_display_a, due_unseen_surprise

Skill      XL: |  1  2  3  4  5  6  7 |
---------------+----------------------+-----
Dodging        | 3 4 5 6 |  6.2
Armour         | 2 |  2.2
Unarmed Combat | 4 5 6 7 |  7.0
Fighting       | |  3.2

Action                   |  1- 3 |  4- 6 |  7- 9 || total
-------------------------+-------+-------+-------++-------
Melee: Unarmed           |   105 |   217 |    56 ||   378
       Punch             |     3 |     3 |     1 ||     7
Invok: Berserk           |       |     4 |     1 ||     5
 Stab: Sleeping          |     2 |     1 |     1 ||     4
Armor: Animal skin       |    10 |    26 |    15 ||    51
       Ring mail         |    39 |    26 |       ||    65
Dodge: Dodged            |    65 |   134 |    41 ||   240

Table legend: (Time is in decaauts)
 A = Elapsed time spent in this place.
 B = Non-inter-level travel time spent in this place.
 C = Inter-level travel time spent in this place.
 D = Time resting spent in this place.
 E = Time spent auto-exploring this place.
 F = Levels seen in this place.
 G = Mean time per level.
                   A        B        C        D        E       F      G
               +--------+--------+--------+--------+--------+-----+--------+
         Total |   3051 |   2907 |    144 |    462 |   1804 |   4 |  762.8 |
       Dungeon |   3051 |   2907 |    144 |    462 |   1804 |   4 |  762.8 |
               +--------+--------+--------+--------+--------+-----+--------+

Top non-repeatable levels by time:
     D:1: 959 daAuts
     D:2: 921 daAuts
     D:3: 882 daAuts
     D:4: 288 daAuts
